Map: Ever Dream LE

Players

Future

  • Race: Terran Terran
  • Spawn Location: 1:00

ShoWTimE - Winner!

  • Race: Protoss Protoss
  • League: Grandmaster
  • Spawn Location: 7:00

Event: Shopify TSL 5

VOD

Have the link to the VOD?

Description

Time

  • Played on: May 23, 2020, 2:21 p.m.
  • Length: 8:34

All games in this series

Show
View Real Time Build Order
Export as new Build Order

Future Terran 

Build Orders:  

Get SALT Encoding   

  12  0:01  SCV  
  13  0:13  SCV  
  14  0:17  Supply Depot  
  14  0:25  SCV  
  15  0:38  SCV  
  15  0:40  Barracks  
  16  0:45  Refinery  
  16  0:50  SCV  
  17  1:03  SCV  
  18  1:07  Engineering Bay  
  18  1:15  SCV  
  19  1:29  Reaper, Orbital Command  
  20  1:43  Supply Depot  
  20  1:59  SCV  
  21  2:01  Marine  
  22  2:09  Command Center  
  22  2:12  SCV  
  23  2:17  Factory  
  23  2:24  SCV  
  23  2:25  Bunker  
  23  2:27  Barracks Reactor  
  24  2:35  Refinery  
  24  2:36  SCV  
  25  2:48  SCV  
  25  3:00  SCV  
  25  3:02  Supply Depot, Hellion  
  25  3:05  Starport  
  28  3:07  Marine x2  
  31  3:12  SCV  
  31  3:24  Hellion  
  31  3:25  SCV, Supply Depot  
  34  3:28  Marine  
  34  3:29  Marine  
  36  3:37  SCV  
  37  3:43  Medivac  
  37  3:47  Marine x2  
  40  3:49  SCV  
  40  3:50  Factory Tech Lab  
  41  4:01  SCV  
  40  4:05  Marine x2  
  40  4:07  Bunker  
  42  4:11  Siege Tank  
  42  4:13  SCV  
  42  4:14  Orbital Command  
  46  4:23  Marine x2  
  48  4:25  SCV  
  48  4:30  Liberator  
  52  4:37  SCV  
  53  4:42  SCV, Barracks  
  53  4:43  Marine x2  
  56  4:49  SCV  
  57  4:54  SCV  
  57  4:55  Siege Tank  
  57  4:59  Supply Depot  
  61  5:01  SCV  
  62  5:07  Barracks  
  62  5:10  Supply Depot  
  62  5:14  Engineering Bay  
  62  5:19  Refinery  
  62  5:21  SCV x2  
  64  5:23  Marine x2  
  64  5:29  Starport Reactor  
  64  5:33  SCV x2, Supply Depot  
  66  5:36  Factory Reactor  
  66  5:38  Stimpack  
  66  5:42  Marine x2  
  67  5:45  SCV x2  
  70  5:50  Supply Depot, Terran Infantry Weapons Level 1  
  70  5:51  Marine  
  70  5:54  Barracks Tech Lab  
  68  5:57  SCV x2  
  68  6:00  Refinery, Marine x2  
  68  6:03  Supply Depot  
  72  6:10  SCV x2  
  73  6:15  Combat Shield, Marauder x2  
  73  6:18  Marine x2  
  79  6:27  Supply Depot  
  79  6:28  Medivac x2  
  79  6:31  Widow Mine  
  79  6:32  Widow Mine  
  83  6:33  SCV  
  83  6:34  SCV  
  83  6:36  Marine x2  
  87  6:41  Supply Depot  
  87  6:43  Marauder x2  
  91  6:49  Supply Depot  
  91  6:53  Marine x2  
  93  6:58  Medivac x2  
  94  7:05  Marauder x2, Widow Mine x2  
  102  7:11  Supply Depot, Marine x2  
  102  7:12  Supply Depot  
  104  7:18  Concussive Shells  
  104  7:26  Marauder x2  
  108  7:30  Widow Mine x2  
  108  7:34  Medivac  
  108  7:35  Medivac  
  108  7:36  Marine x2  
  106  7:48  Marauder  
  98  7:52  Widow Mine x2  
  98  8:08  Marine x2  
  98  8:09  Marine  
  102  8:14  Marine  
Show
View Real Time Build Order
Export as new Build Order

ShoWTimE Protoss - Winner!

Build Orders: Blink Stalkers 

Get SALT Encoding   

  12  0:00  Probe  
  13  0:12  Probe  
  14  0:18  Pylon  
  14  0:24  Probe (Chrono Boost)  
  15  0:36  Probe (Chrono Boost)  
  15  0:37  Gateway  
  16  0:45  Probe (Chrono Boost)  
  16  0:46  Assimilator  
  17  0:51  Probe  
  18  1:03  Probe  
  19  1:15  Probe  
  20  1:24  Cybernetics Core  
  20  1:31  Probe  
  21  1:38  Pylon  
  21  1:43  Zealot (Chrono Boost)  
  23  1:49  Nexus  
  23  1:56  Probe  
  24  2:05  Assimilator  
  24  2:07  Adept (Chrono Boost)  
  26  2:08  Probe  
  26  2:12  Nexus  
  27  2:20  Probe, Warp Gate  
  27  2:33  Probe  
  28  2:37  Stalker  
  28  2:40  Pylon  
  30  2:45  Probe  
  31  2:56  Twilight Council  
  31  2:58  Probe  
  32  3:03  Shield Battery  
  32  3:10  Probe  
  32  3:11  Stalker (Chrono Boost)  
  35  3:22  Probe (Chrono Boost)  
  36  3:28  Probe (Chrono Boost)  
  36  3:29  Gateway  
  37  3:40  Probe x2 (Chrono Boost)  
  39  3:45  Probe (Chrono Boost)  
  39  3:46  Probe (Chrono Boost)  
  39  3:50  Blink (Chrono Boost)  
  39  3:54  Probe  
  38  3:58  Probe  
  39  4:06  Probe, Robotics Facility  
  39  4:07  Shield Battery  
  40  4:10  Stalker  
  40  4:13  Probe  
  43  4:19  Probe  
  43  4:21  Pylon  
  44  4:24  Stalker  
  44  4:25  Probe  
  44  4:29  Assimilator  
  44  4:31  Probe  
  47  4:36  Stalker  
  47  4:38  Probe  
  50  4:43  Probe  
  51  4:46  Pylon  
  51  4:50  Probe  
  52  4:55  Observer (Chrono Boost)  
  52  4:57  Nexus  
  52  4:59  Probe  
  54  5:02  Pylon  
  54  5:04  Probe  
  55  5:08  Observer (Chrono Boost)  
  55  5:11  Probe  
  55  5:14  Stalker  
  59  5:15  Stalker  
  59  5:18  Probe  
  62  5:23  Probe  
  62  5:26  Forge  
  63  5:29  Observer  
  64  5:37  Gateway x2  
  64  5:38  Sentry x2  
  68  5:47  Probe  
  68  5:48  Probe  
  69  5:53  Protoss Ground Armor Level 1 (Chrono Boost)  
  69  5:55  Observer  
  69  5:59  Probe  
  69  6:03  Probe  
  71  6:06  Gateway  
  71  6:08  Gateway  
  71  6:11  Probe  
  71  6:12  Gateway  
  71  6:14  Probe  
  71  6:16  Probe  
  74  6:19  Charge (Chrono Boost)  
  74  6:21  Immortal (Chrono Boost), Gateway  
  78  6:25  Sentry  
  78  6:29  Probe  
  78  6:30  Probe  
  82  6:34  Pylon  
  82  6:35  Probe  
  83  6:42  Probe, Assimilator  
  83  6:43  Probe  
  83  6:46  Pylon  
  85  6:47  Probe  
  85  6:48  Immortal  
  90  6:59  Pylon  
  90  7:00  Zealot x3  
  95  7:08  Pylon  
  95  7:10  Pylon  
  95  7:12  Zealot x3  
  101  7:20  Pylon, Zealot x3  
  107  7:23  Immortal  
  111  7:33  Stalker x2  
  103  7:51  Zealot x6  
  95  7:58  Zealot x2  
  97  8:11  Zealot x6  
  91  8:22  Sentry x2  
Tags
 
Add a new tag
Caveats
  • Supply blocks, unpowered buildings, or Contaminate may cause inaccurate times.
  • Supply counts are checked every 10 seconds.